 Dungeon Sprint DCSS version 0.30-a0-305-g026cb31310 (webtiles) character file.

Game seed: 16053450653559480475

83 rocky1 the Insei (level 4, 0/42 HPs)
             Began as an Octopode Transmuter on Oct 23, 2022.
             Slain by a phantom (4 damage)
             ... in the Dungeon (Sprint IX: "|||||||||||||||||||||||||||||").
             The game lasted 00:00:18 (166 turns).

rocky1 the Insei (Octopode Transmuter)               Turns: 166, Time: 00:00:18

Health: 0/42       AC:  1    Str: 11    XL:     4   Next: 44%
Magic:  2/9        EV: 14    Int: 15    God:
Gold:   0          SH:  0    Dex: 12    Spells: 9/10 levels left

rFire   . . .      SeeInvis .      - Unarmed
rCold   . . .      Faith    .    (no shield)
rNeg    . . .      Spirit   .    (helmet currently unavailable)
rPois   .          Reflect  .    (no amulet)
rElec   .          Harm     .    (no ring)
rCorr   .          Rampage  .    (no ring)
Will    .....      NoTele   +    (no ring)
Stlth   ..........               (no ring)
HPRegen 0.27/turn                (no ring)
MPRegen 0.11/turn                (no ring)
                                 (no ring)
                                 (no ring)

@: berserking (expiring), appendages (expiring), very quick
A: tentacle spike 3, almost no armour, amphibious, 8 rings, camouflage 1,
gelatinous body 1, (nimble swimmer 1), tentacles
a: End Transformation


You were in the Dungeon.
One of your tentacles had grown a beastly spike.
You visited 1 branch

Inventory:

Scrolls
 g - a scroll of blinking
Potions
 a - a potion of lignification
 b - a potion of curing
 c - a potion of heal wounds
 d - a potion of haste
 e - 2 potions of magic


   Skills:
 + Level 1.3 Fighting
 + Level 3.5 Dodging
 + Level 1.3 Stealth
 + Level 6.6 Unarmed Combat
 + Level 3.7 Spellcasting
 + Level 3.5 Transmutations


You had 9 spell levels left.
You knew the following spells:

 Your Spells              Type           Power      Damage    Failure   Level
a - Beastly Appendage     Tmut           26%        N/A       4%          1

Your spell library contained the following spells:

 Spells                   Type           Power      Damage    Failure   Level
 Wereblood                Tmut           13%        N/A       7%          2
 Spider Form              Tmut/Pois      8%         N/A       26%         3
 Ice Form                 Ice/Tmut       8%         N/A       65%         4


Dungeon Overview and Level Annotations

Branches:
Dungeon (1/1)

Altars:


Innate Abilities, Weirdness & Mutations

One of your tentacles has grown a beastly spike.
You cannot wear most types of armour.
You are amphibious.
You can wear up to eight rings at the same time.
Your skin changes colour to match your surroundings (Stealth+).
Your rubbery body absorbs attacks. (AC +1, EV +1)
((You are camouflaged when in or above water. (Stealth+)))
You have tentacles for arms and can constrict up to eight enemies at once.


Message History

The phantom is heavily damaged.
Your magical contamination has completely faded away.
You tentacle-slap the phantom.
You pierce the phantom.
You squeeze the phantom.
The phantom is severely damaged.
The phantom misses you.
You closely miss the phantom.
Your tentacle spike misses the phantom.
The phantom is severely damaged.
You closely miss the phantom.
The phantom is severely damaged.
The phantom hits you.
* * * LOW HITPOINT WARNING * * *
You bludgeon the phantom!
You destroy the phantom!
Your Dodging skill increases to level 3!
Your Stealth skill increases to level 1!
Your Unarmed Combat skill gained 3 levels and is now at level 6!
Your Spellcasting skill increases to level 3!
Your Transmutations skill increases to level 3!
You have reached level 2!
You have reached level 3!
Your experience leads to an increase in your attributes!
Increase (S)trength, (I)ntelligence, or (D)exterity?
You feel stronger. x2
You have reached level 4!
Your attacks no longer feel as feeble.
The phantom hits you.
* * * LOW HITPOINT WARNING * * *
There is an open door here.
You bludgeon the phantom!
Your tentacle spike misses the phantom.
The phantom is heavily damaged.
The phantom hits you.
* * * LOW HITPOINT WARNING * * *
You barely miss the phantom.
Your tentacle spike misses the phantom.
Your squeeze misses the phantom.
The phantom is heavily damaged.
Your transformation is almost over.
You barely miss the phantom.
The phantom is heavily damaged.
The phantom hits you.
You die... ▓▓▓▓▓▓▓▓▓▓▓▓▓▓▓▓▓▓ ▓<...'†....@WhgW.+ ▓▓▓▓▓▓▓▓▓▓▓▓▓▓▓▓▓▓

You could see a black bear, 2 phantoms and a gnoll bouda.

Vanquished Creatures
  A phantom (D)
  A giant cockroach (D)
  A hobgoblin (D)
  2 ball pythons (D)
  A frilled lizard (D)
6 creatures vanquished.

Notes
Turn   | Place    | Note
-------+----------+-------------------------------------------
     0 | D        | rocky1 the Octopode Transmuter began the quest for the Orb.
     0 | D        | Reached XP level 1. HP: 13/13 MP: 3/3
   151 | D        | Noticed a phantom
   151 | D        | Noticed a phantom
   151 | D        | Noticed a black bear
   151 | D        | Noticed a gnoll bouda
   151 | D        | Noticed a phantom
   162 | D        | Killed a phantom
   163 | D        | Reached skill level 1 in Stealth
   163 | D        | Reached skill level 6 in Unarmed Combat
   163 | D        | Reached XP level 2. HP: 4/18 MP: 1/6
   163 | D        | Reached XP level 3. HP: 5/23 MP: 1/8
   163 | D        | Reached XP level 4. HP: 7/28 MP: 1/9
   166 | D        | Slain by a phantom

Illustrated notes

Levels and vault maps discovered:
D:        linesprint [early_d, line_temple, items_1, d_10, items_2, lair_1,
          lair_end, items_3, orc_1, orc_end, items_4, d_15, swamp_1, shoals_1,
          snake_1, spider_1, d_20, vaults_1, items_5, swamp_end, shoals_end,
          snake_end, spider_end, vaults_end, d_27, items_6, zot_1, zot_end,
          crypt_end, forest_end, elf_end, slime_end, tomb_end, abyss_end,
          pan_hell_end]

Skill      XL: |  1 |
---------------+----+-----
Dodging        | 3 |  3.5
Stealth        | 1 |  1.3
Unarmed Combat | 6 |  6.6
Spellcasting   | 3 |  3.7
Transmutations | 3 |  3.5
Fighting       | |  1.3

Action                   |  1- 3 |  4- 6 || total
-------------------------+-------+-------++-------
Melee: Unarmed           |    17 |     3 ||    20
       Constrict         |     4 |       ||     4
       Tentacles         |     4 |       ||     4
       Kick              |     3 |       ||     3
 Cast: Beastly Appendage |     2 |       ||     2
  Use: Potion            |     1 |       ||     1
 Stab: Sleeping          |     1 |       ||     1
Dodge: Dodged            |     3 |       ||     3

Table legend: (Time is in decaauts)
 A = Elapsed time spent in this place.
 B = Non-inter-level travel time spent in this place.
 C = Inter-level travel time spent in this place.
 D = Time resting spent in this place.
 E = Time spent auto-exploring this place.
 F = Levels seen in this place.
 G = Mean time per level.
                   A        B        C        D        E       F      G
               +--------+--------+--------+--------+--------+-----+--------+
         Total |    160 |    160 |      0 |    130 |      0 |   1 |  160.0 |
       Dungeon |    160 |    160 |      0 |    130 |      0 |   1 |  160.0 |
               +--------+--------+--------+--------+--------+-----+--------+

Top non-repeatable levels by time:
       D: 160 daAuts
